TOP OF THE 1ST |
---|
Texas Tech Red Raiders batting - Pitching for Texas Longhorns : RHP Jack Thorpe | Pitching: RHP Jack Thorpe | | Batting: RHB Wayne Hanson | 0-0: SINGLE (Line Drive, 56D) | Batting: RHB Aaron Adams | 0-0: Ball 1-0: Ball 2-0: Ball 3-0: Called Strike 3-1: Swinging Strike 3-2: Foul Ball, location: 2F 3-2: Base on Balls Wayne Hanson to second | Batting: LHB Kevin Hatcher | 0-0: Ball 1-0: Foul Ball, location: 2F 1-1: Called Strike 1-2: Ball 2-2: Foul Ball, location: 2F 2-2: Ball 3-2: Strikes out swinging | Batting: SHB Lee Oliver | 0-0: Ball Wayne Hanson steals 3rd base 1-0: Ball 2-0: Fly out, F7 (Flyball, 78S) | Batting: LHB Marshall Dunn | 0-0: Ball 1-0: Ball 2-0: Ground out 4-3 (Groundball, 4) | Top of the 1st over - 0 runs, 1 hit, 0 errors, 2 left on base; Texas Tech 0 - Texas 0 | BOTTOM OF THE 1ST |
---|
Texas Longhorns batting - Pitching for Texas Tech Red Raiders : LHP José Martínez | Pitching: LHP José Martínez | | Batting: RHB Norm Martin | 0-0: Ball 1-0: Called Strike 1-1: Fly out, F8 (Flyball, 89D) | Batting: RHB Curtis Lawson | 0-0: Ground out U3 (Groundball, 3L) | Batting: RHB Jonathan Boyer | 0-0: Fly out, F9 (Flyball, 9LSF) | Bottom of the 1st over - 0 runs, 0 hits, 0 errors, 0 left on base; Texas Tech 0 - Texas 0 | TOP OF THE 2ND |
---|
Texas Tech Red Raiders batting - Pitching for Texas Longhorns : RHP Jack Thorpe | Batting: RHB Lorenzo Hernández | 0-0: Ball 1-0: Ball 2-0: Called Strike 2-1: Ball 3-1: Foul Ball, location: 2F 3-2: Base on Balls | Batting: RHB Bobby Santiago | 0-0: Ball 1-0: Ball 2-0: Foul Ball, location: 2F 2-1: Called Strike 2-2: Foul Ball, location: 2F 2-2: SINGLE (Line Drive, 8RS) Lorenzo Hernández to second | Batting: SHB Manuel Hernández | 0-0: Ball 1-0: Ball 2-0: Called Strike 2-1: Called Strike 2-2: SINGLE (Flyball, 8LS) Lorenzo Hernández to third Bobby Santiago to second | Batting: RHB Zander von Strantz | 0-0: Grounds into double play, 4-6-3 (Groundball, 4M) Lorenzo Hernández scores Bobby Santiago to third | Batting: RHB Wayne Hanson | 0-0: Called Strike 0-1: Swinging Strike 0-2: Ball 1-2: Ball 2-2: Ball 3-2: Foul Ball, location: 2F 3-2: Foul Ball, location: 2F 3-2: Ground out 6-3 (Groundball, 6) | Top of the 2nd over - 1 run, 2 hits, 0 errors, 1 left on base; Texas Tech 1 - Texas 0 | BOTTOM OF THE 2ND |
---|
Texas Longhorns batting - Pitching for Texas Tech Red Raiders : LHP José Martínez | Batting: RHB Quentin Barker | 0-0: Ball 1-0: Ball 2-0: Foul Ball, location: 2F 2-1: Ball 3-1: SINGLE (Line Drive, 89M) | Batting: LHB Bill Turner | 0-0: Called Strike 0-1: Ball Wild Pitch! Quentin Barker to second 1-1: Called Strike 1-2: Ball 2-2: Strikes out swinging | Batting: RHB Owen Grant | 0-0: Ball 1-0: Ball 2-0: Called Strike 2-1: Fly out, F9 (Flyball, 89S) | Batting: SHB Dave Hickman | 0-0: Ball 1-0: Ball 2-0: Ball 3-0: Base on Balls | Batting: LHB Matt Turner | 0-0: Ball 1-0: Ground out U3 (Groundball, 3S) | Bottom of the 2nd over - 0 runs, 1 hit, 0 errors, 2 left on base; Texas Tech 1 - Texas 0 | TOP OF THE 3RD |
---|
Texas Tech Red Raiders batting - Pitching for Texas Longhorns : RHP Jack Thorpe | Batting: RHB Aaron Adams | 0-0: Ground out 4-3 (Groundball, 4) | Batting: LHB Kevin Hatcher | 0-0: Called Strike 0-1: Ball 1-1: Fly out, F8 (Flyball, 8LS) | Batting: SHB Lee Oliver | 0-0: Swinging Strike 0-1: Ball 1-1: Swinging Strike 1-2: Foul Ball, location: 2F 1-2: Ball 2-2: Ball 3-2: Strikes out swinging | Top of the 3rd over - 0 runs, 0 hits, 0 errors, 0 left on base; Texas Tech 1 - Texas 0 | BOTTOM OF THE 3RD |
---|
Texas Longhorns batting - Pitching for Texas Tech Red Raiders : LHP José Martínez | Batting: SHB Del McNeill | 0-0: Ball 1-0: Ball 2-0: SINGLE (Flyball, 7LS) | Batting: RHB Norm Martin | 0-0: Called Strike 0-1: Ball 1-1: Foul Ball, location: 2F 1-2: 2-RUN HOME RUN (Flyball, 7D), Distance : 358 ft | Batting: RHB Curtis Lawson | 0-0: Ball 1-0: Ball 2-0: Ball 3-0: Called Strike 3-1: Foul Ball, location: 2F 3-2: SINGLE (Groundball, 6MD) | Batting: RHB Jonathan Boyer | 0-0: Called Strike 0-1: Ball 1-1: Foul Ball, location: 2F 1-2: Strikes out swinging | Batting: RHB Quentin Barker | 0-0: Ball 1-0: Foul Ball, location: 2F 1-1: 2-RUN HOME RUN (Flyball, 7LD), Distance : 331 ft | Batting: LHB Bill Turner | 0-0: Ball 1-0: Called Strike 1-1: Hit by Pitch | Batting: RHB Owen Grant | 0-0: Called Strike 0-1: Ball 1-1: Fly out, F8 (Flyball, 89M) | Batting: SHB Dave Hickman | 0-0: Ball 1-0: Ball 2-0: Ball 3-0: Base on Balls Bill Turner to second | Batting: LHB Matt Turner | 0-0: Ball 1-0: Foul Ball, location: 2F 1-1: Swinging Strike 1-2: Foul Ball, location: 2F 1-2: Foul Ball, location: 2F 1-2: Strikes out swinging | Bottom of the 3rd over - 4 runs, 4 hits, 0 errors, 2 left on base; Texas Tech 1 - Texas 4 | TOP OF THE 4TH |
---|
Texas Tech Red Raiders batting - Pitching for Texas Longhorns : RHP Jack Thorpe | Batting: LHB Marshall Dunn | 0-0: Called Strike 0-1: Ball 1-1: Ball 2-1: Ball 3-1: Foul Ball, location: 2F 3-2: Base on Balls | Batting: RHB Lorenzo Hernández | 0-0: Foul Ball, location: 2F 0-1: Swinging Strike 0-2: Grounds into double play, 4-6-3 (Groundball, 34) | Batting: RHB Bobby Santiago | 0-0: Swinging Strike 0-1: Ball 1-1: Ball 2-1: Called Strike 2-2: Strikes out swinging | Top of the 4th over - 0 runs, 0 hits, 0 errors, 0 left on base; Texas Tech 1 - Texas 4 | BOTTOM OF THE 4TH |
---|
Texas Longhorns batting - Pitching for Texas Tech Red Raiders : LHP José Martínez | Batting: SHB Del McNeill | 0-0: Ball 1-0: Called Strike 1-1: Swinging Strike 1-2: Ball 2-2: Foul Ball, location: 2F 2-2: Foul Ball, location: 2F 2-2: Strikes out swinging | Batting: RHB Norm Martin | 0-0: Called Strike 0-1: Ball 1-1: Swinging Strike 1-2: Ball 2-2: Fly out, F2 (Popup, 23F) | Batting: RHB Curtis Lawson | 0-0: Called Strike 0-1: Ball 1-1: Swinging Strike 1-2: Strikes out looking | Bottom of the 4th over - 0 runs, 0 hits, 0 errors, 0 left on base; Texas Tech 1 - Texas 4 | TOP OF THE 5TH |
---|
Texas Tech Red Raiders batting - Pitching for Texas Longhorns : RHP Jack Thorpe | Batting: SHB Manuel Hernández | 0-0: Swinging Strike 0-1: Ball 1-1: Foul Ball, location: 2F 1-2: Ball 2-2: Strikes out swinging | Batting: RHB Zander von Strantz | 0-0: Called Strike 0-1: SINGLE (Flyball, 8RS) | Batting: RHB Wayne Hanson | 0-0: Fielders Choice at 2nd, 6-4 (Groundball, 6) | Pitching: RHP José Escobar | | Batting: RHB Aaron Adams | 0-0: Ball 1-0: Called Strike 1-1: Ball 2-1: DOUBLE (Line Drive, 89D) Wayne Hanson to third Runner from 3rd tries for Home, SAFE, no throw | Batting: LHB Kevin Hatcher | 0-0: Ball 1-0: Foul Ball, location: 2F 1-1: Fly out, F8 (Flyball, 8LS) | Top of the 5th over - 1 run, 2 hits, 0 errors, 1 left on base; Texas Tech 2 - Texas 4 | BOTTOM OF THE 5TH |
---|
Texas Longhorns batting - Pitching for Texas Tech Red Raiders : LHP José Martínez | Batting: RHB Jonathan Boyer | 0-0: Ground out 5-3 (Groundball, 56) | Batting: RHB Quentin Barker | 0-0: Called Strike 0-1: Ball 1-1: Ball 2-1: Ball 3-1: Base on Balls | Pitching: RHP Benton Wilkerson | | Batting: LHB Bill Turner | 0-0: Called Strike Pickoff Throw to First - Out! 0-1: Ball 1-1: Ball 2-1: Ball 3-1: Called Strike 3-2: Foul Ball, location: 2F 3-2: SOLO HOME RUN (Flyball, 9LD), Distance : 328 ft | Batting: RHB Owen Grant | 0-0: Called Strike 0-1: SINGLE (Groundball, 6MD) | Batting: SHB Dave Hickman | 0-0: Called Strike 0-1: Called Strike 0-2: Strikes out swinging | Bottom of the 5th over - 1 run, 2 hits, 0 errors, 1 left on base; Texas Tech 2 - Texas 5 | TOP OF THE 6TH |
---|
Texas Tech Red Raiders batting - Pitching for Texas Longhorns : RHP José Escobar | Batting: SHB Lee Oliver | 0-0: Ball 1-0: Called Strike 1-1: Ball 2-1: Ball 3-1: Base on Balls | Batting: LHB Marshall Dunn | 0-0: Fly out, F9 (Flyball, 89M) | Batting: RHB Lorenzo Hernández | 0-0: Ball 1-0: Ball 2-0: Called Strike 2-1: Ball 3-1: Base on Balls Lee Oliver to second | Batting: RHB Bobby Santiago | 0-0: Ball 1-0: SINGLE (Flyball, 9S) Lee Oliver to third Lorenzo Hernández to second Runner from 3rd tries for Home, throw and OUT! | Batting: SHB Manuel Hernández | 0-0: Ball 1-0: Fly out, F7 (Flyball, 7) | Top of the 6th over - 0 runs, 1 hit, 0 errors, 2 left on base; Texas Tech 2 - Texas 5 | BOTTOM OF THE 6TH |
---|
Texas Longhorns batting - Pitching for Texas Tech Red Raiders : RHP Benton Wilkerson | Batting: LHB Matt Turner | 0-0: Foul Ball, location: 2F 0-1: Swinging Strike 0-2: Ball 1-2: Ground out 5-3 (Groundball, 56) | Batting: SHB Del McNeill | 0-0: Called Strike 0-1: Ball 1-1: Called Strike 1-2: Strikes out swinging | Batting: RHB Norm Martin | 0-0: Called Strike 0-1: Ball 1-1: Ball 2-1: Ball 3-1: Base on Balls | Batting: RHB Curtis Lawson | 0-0: Ball 1-0: Ball 2-0: 2-RUN HOME RUN (Flyball, 7D), Distance : 358 ft | Batting: RHB Jonathan Boyer | 0-0: SOLO HOME RUN (Flyball, 7LD), Distance : 333 ft | Pitching: RHP Richard McGinnity | | Batting: RHB Quentin Barker | 0-0: Ball 1-0: Ball 2-0: Foul Ball, location: 2F 2-1: Foul Ball, location: 2F 2-2: Strikes out looking | Bottom of the 6th over - 3 runs, 2 hits, 0 errors, 0 left on base; Texas Tech 2 - Texas 8 | TOP OF THE 7TH |
---|
Texas Tech Red Raiders batting - Pitching for Texas Longhorns : RHP José Escobar | Batting: RHB Zander von Strantz | 0-0: Fly out, F5 (Line Drive, 5) | Batting: RHB Wayne Hanson | 0-0: Ball 1-0: SINGLE (Line Drive, 56) | Batting: RHB Aaron Adams | 0-0: Called Strike Wayne Hanson steals 2nd base 0-1: Foul Ball, location: 2F 0-2: Foul Ball, location: 2F 0-2: Foul Ball, location: 2F 0-2: Ball 1-2: Ball 2-2: Foul Ball, location: 2F 2-2: Ball 3-2: Foul Ball, location: 2F 3-2: Base on Balls | Batting: LHB Kevin Hatcher | 0-0: SINGLE (Groundball, 4D) Wayne Hanson to third Aaron Adams to second Runner from 3rd tries for Home, throw and OUT! | Batting: SHB Lee Oliver | 0-0: Ball 1-0: Called Strike 1-1: Ball 2-1: Ball 3-1: Base on Balls Aaron Adams to third Kevin Hatcher to second | Batting: LHB Marshall Dunn | 0-0: Swinging Strike 0-1: Foul Ball, location: 2F 0-2: Ball 1-2: DOUBLE (Line Drive, 8RD) Aaron Adams scores Kevin Hatcher scores Lee Oliver to third | Pitching: RHP Dan Garrett | | Batting: RHB Lorenzo Hernández | 0-0: Called Strike 0-1: Ball 1-1: Called Strike 1-2: Foul Ball, location: 2F 1-2: Strikes out swinging | Top of the 7th over - 2 runs, 3 hits, 0 errors, 2 left on base; Texas Tech 4 - Texas 8 | BOTTOM OF THE 7TH |
---|
Texas Longhorns batting - Pitching for Texas Tech Red Raiders : RHP Richard McGinnity | Batting: LHB Bill Turner | 0-0: Ball 1-0: Swinging Strike 1-1: Foul Ball, location: 2F 1-2: SINGLE (Line Drive, 8LS) | Batting: RHB Owen Grant | 0-0: Ball Wild Pitch! Bill Turner to second 1-0: Intentional Walk | Batting: SHB Dave Hickman | 0-0: Ball 1-0: Called Strike 1-1: Bunted foul 1-2: Foul Ball, location: 2F 1-2: Ball 2-2: Foul Ball, location: 2F 2-2: Ball 3-2: Foul Ball, location: 2F 3-2: Base on Balls Bill Turner to third Owen Grant to second | Batting: LHB Matt Turner | 0-0: SINGLE (Groundball, 34) (infield hit) Bill Turner scores Owen Grant to third Dave Hickman to second | Batting: SHB Del McNeill | 0-0: Called Strike 0-1: Ball 1-1: Ball 2-1: Foul Ball, location: 2F 2-2: Ball 3-2: Foul Ball, location: 2F 3-2: Base on Balls Owen Grant scores Dave Hickman to third Matt Turner to second | Batting: RHB Norm Martin | 0-0: Ball 1-0: Ball 2-0: Called Strike 2-1: Fly out, F8 (Flyball, 8LS) Runner from 3rd tags up, SCORES, no throw | Batting: RHB Curtis Lawson | 0-0: Called Strike 0-1: Ball Wild Pitch! Matt Turner to third Del McNeill to second 1-1: Foul Ball, location: 2F 1-2: Ball 2-2: Ground out 6-3 (Groundball, 56) Matt Turner scores | Batting: RHB Jonathan Boyer | 0-0: SINGLE (Groundball, 4MD) Del McNeill to third Runner from 3rd tries for Home, SAFE, throw made home Jonathan Boyer to second | Batting: RHB Quentin Barker | 0-0: Ball 1-0: DOUBLE (Flyball, 89XD) Jonathan Boyer scores | Batting: LHB Bill Turner | 0-0: Ball 1-0: Called Strike 1-1: Ground out 1-3 (Groundball, 15S) | Bottom of the 7th over - 6 runs, 4 hits, 0 errors, 1 left on base; Texas Tech 4 - Texas 14 | TOP OF THE 8TH |
---|
Texas Tech Red Raiders batting - Pitching for Texas Longhorns : RHP Dan Garrett | Now in RF: Jim Davis | | Batting: RHB Bobby Santiago | 0-0: Called Strike 0-1: DOUBLE (Flyball, 89D) | Batting: SHB Manuel Hernández | 0-0: Ball 1-0: Ball 2-0: Ball 3-0: Called Strike 3-1: Called Strike 3-2: Fly out, F7 (Flyball, 7D) | Batting: RHB Zander von Strantz | 0-0: Foul Ball, location: 2F 0-1: SINGLE (Flyball, 9LM) Bobby Santiago to third Runner from 3rd tries for Home, throw and OUT! | Batting: RHB Wayne Hanson | 0-0: Called Strike 0-1: Ball 1-1: Swinging Strike 1-2: Fly out, F8 (Flyball, 8RM) | Top of the 8th over - 0 runs, 2 hits, 0 errors, 1 left on base; Texas Tech 4 - Texas 14 | BOTTOM OF THE 8TH |
---|
Texas Longhorns batting - Pitching for Texas Tech Red Raiders : RHP Richard McGinnity | Batting: RHB Owen Grant | 0-0: Ball 1-0: Ball 2-0: Called Strike 2-1: Ball 3-1: Base on Balls | Batting: SHB Dave Hickman | 0-0: Ball 1-0: Ball 2-0: Called Strike 2-1: Ball 3-1: Base on Balls Owen Grant to second | Batting: LHB Matt Turner | 0-0: Ball 1-0: Called Strike 1-1: Swinging Strike 1-2: SINGLE (Line Drive, 56D) Owen Grant to third Dave Hickman to second | Batting: SHB Del McNeill | 0-0: Called Strike 0-1: Ball 1-1: Called Strike 1-2: Foul Ball, location: 2F 1-2: Strikes out swinging | Pitching: RHP Jon Carlisle | | Batting: RHB Norm Martin | 0-0: Ball 1-0: Swinging Strike 1-1: Fly out, F9 (Flyball, 9) Runner from 3rd tags up, OUT at HOME | Bottom of the 8th over - 0 runs, 1 hit, 0 errors, 2 left on base; Texas Tech 4 - Texas 14 | TOP OF THE 9TH |
---|
Texas Tech Red Raiders batting - Pitching for Texas Longhorns : RHP Dan Garrett | Now at 3B: William Gilmore | | Batting: RHB Aaron Adams | 0-0: Fly out, F3 (Popup, 3F) | Batting: LHB Kevin Hatcher | 0-0: Foul Ball, location: 2F 0-1: Ball 1-1: SINGLE (Groundball, 56S) (infield hit) | Batting: SHB Lee Oliver | 0-0: Called Strike 0-1: Foul Ball, location: 2F 0-2: Strikes out swinging | Batting: LHB Marshall Dunn | 0-0: Ball 1-0: Ball 2-0: Swinging Strike 2-1: 2-RUN HOME RUN (Flyball, 9LD), Distance : 327 ft | Batting: RHB Lorenzo Hernández | 0-0: SINGLE (Groundball, 4D) | Batting: RHB Bobby Santiago | 0-0: Ball 1-0: Ball 2-0: Ball 3-0: Called Strike 3-1: Swinging Strike 3-2: Foul Ball, location: 2F 3-2: Base on Balls Lorenzo Hernández to second | Batting: SHB Manuel Hernández | 0-0: Called Strike 0-1: Ball 1-1: Ball 2-1: Foul Ball, location: 2F 2-2: Strikes out swinging | Top of the 9th over - 2 runs, 3 hits, 0 errors, 2 left on base; Texas Tech 6 - Texas 14 | |